IL
CHARLOTTE KNIGHTS @ SCRANTON WB RAILRIDERS
08/24/2049
 
TOP OF THE 1ST
Charlotte Knights batting - Pitching for Scranton WB RailRiders : RHP Jason Sterner
Pitching: RHP Jason Sterner
Batting: LHB Adam Tarbutton 0-0: Called Strike
0-1: Ball
1-1: Ball
2-1: Called Strike
2-2: Strikes out swinging
Batting: RHB Jon Solano 0-0: Ball
1-0: Ball
2-0: Swinging Strike
2-1: Fly out, F9 (Flyball, 9S, EV 80.0 MPH)
Batting: SHB Ruben Velasco Jr. 0-0: Ball
1-0: Foul Ball, location: 2F
1-1: Called Strike
1-2: Ball
2-2: Fly out, F7 (Flyball, 78S, EV 95.0 MPH)
Top of the 1st over - 0 runs, 0 hits, 0 errors, 0 left on base; Charlotte 0 - Scranton WB 0
BOTTOM OF THE 1ST
Scranton WB RailRiders batting - Pitching for Charlotte Knights : LHP Joel Beery
Pitching: LHP Joel Beery
Batting: RHB Jerry Castro 0-0: Ball
1-0: Called Strike
1-1: Ball
2-1: Ball
3-1: Swinging Strike
3-2: Strikes out swinging
Batting: LHB Aaron Joyner 0-0: Called Strike
0-1: Called Strike
0-2: DOUBLE (Line Drive, 7LS, EV 95.6 MPH)
Batting: SHB Victor Ruiz 0-0: Ball
1-0: Foul Ball, location: 2F
1-1: Ball
2-1: Ground out 5-3 (Groundball, 5, EV 101.9 MPH)
Batting: RHB Devon Utley 0-0: Ball
1-0: Called Strike
1-1: Ball
2-1: Foul Ball, location: 2F
2-2: Foul Ball, location: 2F
2-2: Strikes out swinging
Bottom of the 1st over - 0 runs, 1 hit, 0 errors, 1 left on base; Charlotte 0 - Scranton WB 0
TOP OF THE 2ND
Charlotte Knights batting - Pitching for Scranton WB RailRiders : RHP Jason Sterner
Batting: LHB Justin Stickney 0-0: SINGLE (Groundball, 4D, EV 96.9 MPH)
Batting: LHB Ricardo Pagan 0-0: Called Strike
0-1: Ball
1-1: Called Strike
1-2: Grounds into double play, 6-4-3 (Groundball, 6, EV 83.1 MPH)
Batting: RHB Mark Jones 0-0: Swinging Strike
0-1: Foul Ball, location: 2F
0-2: SINGLE (Line Drive, 9S, EV 86.9 MPH)
Batting: LHB John Thurman 0-0: Ball
1-0: Ball
2-0: Fly out, F7 (Flyball, 7LS, EV 90.6 MPH)
Top of the 2nd over - 0 runs, 2 hits, 0 errors, 1 left on base; Charlotte 0 - Scranton WB 0
BOTTOM OF THE 2ND
Scranton WB RailRiders batting - Pitching for Charlotte Knights : LHP Joel Beery
Batting: RHB Mike Gifford 0-0: Ball
1-0: Foul Ball, location: 2F
1-1: Ball
2-1: Ground out 4-3 (Groundball, 4, EV 85.6 MPH)
Batting: SHB Ryan Buchbinder 0-0: Ball
1-0: Ball
2-0: Called Strike
2-1: Ball
3-1: Called Strike
3-2: Ground out 6-3 (Groundball, 6M, EV 104.4 MPH)
Batting: RHB Alfredo Rodriguez 0-0: Ball
1-0: SINGLE (Flyball, 34D, EV 88.8 MPH)
Batting: SHB Jose Vargas 0-0: Foul Ball, location: 2F
0-1: Ball
Wild Pitch!
Alfredo Rodriguez to second
1-1: Ball
2-1: Fly out, F7 (Flyball, 7LM, EV 96.9 MPH)
Bottom of the 2nd over - 0 runs, 1 hit, 0 errors, 1 left on base; Charlotte 0 - Scranton WB 0
TOP OF THE 3RD
Charlotte Knights batting - Pitching for Scranton WB RailRiders : RHP Jason Sterner
Batting: SHB Josh Conner 0-0: Ball
1-0: Ground out U3 (Groundball, 34S, EV 90.6 MPH)
Batting: RHB Steve Waltenbery 0-0: Called Strike
0-1: Called Strike
0-2: Strikes out swinging
Batting: LHB Adam Tarbutton 0-0: Ball
1-0: Ball
2-0: Ball
3-0: Base on Balls
Batting: RHB Jon Solano 0-0: Ball
1-0: Ball
2-0: Ball
3-0: Called Strike
3-1: Foul Ball, location: 2F
3-2: Strikes out swinging
Top of the 3rd over - 0 runs, 0 hits, 0 errors, 1 left on base; Charlotte 0 - Scranton WB 0
BOTTOM OF THE 3RD
Scranton WB RailRiders batting - Pitching for Charlotte Knights : LHP Joel Beery
Batting: RHB Mike Plugge 0-0: Ball
1-0: Ball
2-0: Ground out U3 (Groundball, 3, EV 108.1 MPH)
Batting: RHB Jerry Castro 0-0: Called Strike
0-1: Ground out 5-3 (Groundball, 5, EV 91.2 MPH)
Batting: LHB Aaron Joyner 0-0: Foul Ball, location: 2F
0-1: DOUBLE (Line Drive, 9LD, EV 104.4 MPH)
Batting: SHB Victor Ruiz 0-0: Foul Ball, location: 2F
0-1: Foul Ball, location: 2F
0-2: Ball
1-2: Fly out, F9 (Flyball, 9LMF, EV 90.0 MPH)
Bottom of the 3rd over - 0 runs, 1 hit, 0 errors, 1 left on base; Charlotte 0 - Scranton WB 0
TOP OF THE 4TH
Charlotte Knights batting - Pitching for Scranton WB RailRiders : RHP Jason Sterner
Batting: SHB Ruben Velasco Jr. 0-0: Ball
1-0: Foul Ball, location: 2F
1-1: Ball
2-1: Ball
3-1: Swinging Strike
3-2: SINGLE (Groundball, 4MD, EV 100.0 MPH)
Batting: LHB Justin Stickney 0-0: Called Strike
0-1: Ball
1-1: Fielders Choice at 2nd, 1-6 (Groundball, 34S, EV 75.0 MPH)
Batting: LHB Ricardo Pagan 0-0: Called Strike
0-1: Foul Ball, location: 2F
0-2: Ball
1-2: Strikes out swinging
Batting: RHB Mark Jones 0-0: Hit by Pitch
Justin Stickney to second
Batting: LHB John Thurman 0-0: Called Strike
0-1: Swinging Strike
0-2: Ball
1-2: Foul Ball, location: 2F
1-2: Ball
2-2: SINGLE (Groundball, 4D, EV 106.9 MPH)
Justin Stickney to third
Mark Jones to second
Runner from 3rd tries for Home, SAFE, throw by CF to home
Batting: SHB Josh Conner 0-0: Called Strike
0-1: Swinging Strike
0-2: Strikes out looking
Top of the 4th over - 1 run, 2 hits, 0 errors, 2 left on base; Charlotte 1 - Scranton WB 0
BOTTOM OF THE 4TH
Scranton WB RailRiders batting - Pitching for Charlotte Knights : LHP Joel Beery
Batting: RHB Devon Utley 0-0: Ball
1-0: Foul Ball, location: 2F
1-1: Ball
2-1: Swinging Strike
2-2: Foul Ball, location: 2F
2-2: Ground out 5-3 (Groundball, 56, EV 99.4 MPH)
Batting: RHB Mike Gifford 0-0: Fly out, F9 (Line Drive, 9LS, EV 96.2 MPH)
Batting: SHB Ryan Buchbinder 0-0: Foul Ball, location: 2F
0-1: Ball
1-1: SOLO HOME RUN (Flyball, 7LD, EV 98.1 MPH), Distance : 355 ft
Batting: RHB Alfredo Rodriguez 0-0: Called Strike
0-1: Ball
1-1: Ground out 5-3 (Groundball, 56S, EV 85.6 MPH)
Bottom of the 4th over - 1 run, 1 hit, 0 errors, 0 left on base; Charlotte 1 - Scranton WB 1
TOP OF THE 5TH
Charlotte Knights batting - Pitching for Scranton WB RailRiders : RHP Jason Sterner
Batting: RHB Steve Waltenbery 0-0: Called Strike
0-1: DOUBLE (Groundball, 5L, EV 103.1 MPH)
Batting: LHB Adam Tarbutton 0-0: Ground out U3 (Groundball, 3, EV 88.8 MPH)
Steve Waltenbery to third
Batting: RHB Jon Solano 0-0: Ball
1-0: Ball
2-0: Ball
3-0: Base on Balls
Batting: SHB Ruben Velasco Jr. 0-0: Ball
1-0: Ball
2-0: Foul Ball, location: 2F
2-1: Ball
3-1: Foul Ball, location: 2F
3-2: Base on Balls
Jon Solano to second
Batting: LHB Justin Stickney 0-0: Ball
1-0: Foul Ball, location: 2F
1-1: Called Strike
1-2: Foul Ball, location: 2F
1-2: Foul Ball, location: 2F
1-2: Strikes out swinging
Batting: LHB Ricardo Pagan 0-0: Ball
1-0: DOUBLE (Flyball, 89D, EV 91.2 MPH)
Steve Waltenbery scores
Jon Solano scores
Ruben Velasco Jr. to third
Batting: RHB Mark Jones 0-0: Ball
1-0: Called Strike
1-1: Fly out, F9 (Flyball, 9S, EV 83.8 MPH)
Top of the 5th over - 2 runs, 2 hits, 0 errors, 2 left on base; Charlotte 3 - Scranton WB 1
BOTTOM OF THE 5TH
Scranton WB RailRiders batting - Pitching for Charlotte Knights : LHP Joel Beery
Batting: SHB Jose Vargas 0-0: Called Strike
0-1: SINGLE (Line Drive, 34D, EV 97.5 MPH)
Batting: RHB Mike Plugge 0-0: Fly out, F9 (Flyball, 89M, EV 80.0 MPH)
Batting: RHB Jerry Castro 0-0: Ball
1-0: Ball
2-0: Foul Ball, location: 2F
2-1: Grounds into double play, 6-4-3 (Groundball, 6, EV 81.9 MPH)
Bottom of the 5th over - 0 runs, 1 hit, 0 errors, 0 left on base; Charlotte 3 - Scranton WB 1
TOP OF THE 6TH
Charlotte Knights batting - Pitching for Scranton WB RailRiders : RHP Jason Sterner
Batting: LHB John Thurman 0-0: Foul Ball, location: 2F
0-1: Ground out 2-3 (Groundball, 13S, EV 71.2 MPH)
Batting: SHB Josh Conner 0-0: Called Strike
0-1: Swinging Strike
0-2: Ball
1-2: Strikes out swinging
Batting: RHB Steve Waltenbery 0-0: Called Strike
0-1: SINGLE (Groundball, 25, EV 72.5 MPH) (infield hit)
Batting: LHB Adam Tarbutton 0-0: Ball
1-0: Called Strike
Steve Waltenbery steals 2nd base
1-1: Ball
2-1: Fly out, F9 (Line Drive, 89M, EV 92.5 MPH)
Top of the 6th over - 0 runs, 1 hit, 0 errors, 1 left on base; Charlotte 3 - Scranton WB 1
BOTTOM OF THE 6TH
Scranton WB RailRiders batting - Pitching for Charlotte Knights : LHP Joel Beery
Batting: LHB Aaron Joyner 0-0: Fly out, F7 (Flyball, 78S, EV 86.9 MPH)
Batting: SHB Victor Ruiz 0-0: Foul Ball, location: 2F
0-1: Called Strike
0-2: Strikes out looking
Batting: RHB Devon Utley 0-0: SINGLE (Line Drive, 5D, EV 99.4 MPH)
Batting: RHB Mike Gifford 0-0: Called Strike
0-1: Fly out, F7 (Flyball, 78S, EV 95.0 MPH)
Bottom of the 6th over - 0 runs, 1 hit, 0 errors, 1 left on base; Charlotte 3 - Scranton WB 1
TOP OF THE 7TH
Charlotte Knights batting - Pitching for Scranton WB RailRiders : RHP Jason Sterner
Pitching: LHP Jay Turpin
Batting: RHB Jon Solano 0-0: Called Strike
0-1: Called Strike
0-2: Ball
1-2: Ball
2-2: DOUBLE (Line Drive, 9LS, EV 96.2 MPH)
Batting: SHB Ruben Velasco Jr. 0-0: Intentional Walk
Batting: LHB Justin Stickney 0-0: Foul Ball, location: 2F
0-1: Foul Ball, location: 2F
0-2: Strikes out looking
Batting: LHB Ricardo Pagan 0-0: Called Strike
0-1: Ball
1-1: Called Strike
1-2: Strikes out swinging
Batting: RHB Mark Jones 0-0: Ball
1-0: Called Strike
1-1: Foul Ball, location: 2F
1-2: Strikes out swinging
Top of the 7th over - 0 runs, 1 hit, 0 errors, 2 left on base; Charlotte 3 - Scranton WB 1
BOTTOM OF THE 7TH
Scranton WB RailRiders batting - Pitching for Charlotte Knights : LHP Joel Beery
Batting: SHB Ryan Buchbinder 0-0: Swinging Strike
0-1: Swinging Strike
0-2: Foul Ball, location: 2F
0-2: Fly out, F9 (Flyball, 89M, EV 86.9 MPH)
Batting: RHB Alfredo Rodriguez 0-0: Ball
1-0: Called Strike
1-1: Called Strike
1-2: Ball
2-2: SINGLE (Groundball, 4D, EV 100.6 MPH)
Batting: SHB Jose Vargas 0-0: Ball
1-0: Grounds into double play, 6-4-3 (Groundball, 6, EV 84.4 MPH)
Bottom of the 7th over - 0 runs, 1 hit, 0 errors, 0 left on base; Charlotte 3 - Scranton WB 1
TOP OF THE 8TH
Charlotte Knights batting - Pitching for Scranton WB RailRiders : LHP Jay Turpin
Pinch Hitting: RHB Fletcher Easter 0-0: Called Strike
0-1: Ball
1-1: Ball
2-1: Foul Ball, location: 2F
2-2: SINGLE (Groundball, 4MD, EV 88.8 MPH) (infield hit)
Batting: SHB Josh Conner 0-0: Grounds into double play, 5-4-3 (Groundball, 56, EV 90.0 MPH)
Batting: RHB Steve Waltenbery 0-0: Ball
1-0: Ground out 5-3 (Groundball, 5, EV 105.0 MPH)
Top of the 8th over - 0 runs, 1 hit, 0 errors, 0 left on base; Charlotte 3 - Scranton WB 1
BOTTOM OF THE 8TH
Scranton WB RailRiders batting - Pitching for Charlotte Knights : LHP Joel Beery
Now in CF: Jeremy Hoffert
Batting: RHB Mike Plugge 0-0: Ball
1-0: Ball
2-0: Foul Ball, location: 2F
2-1: Ball
3-1: Foul Ball, location: 2F
3-2: Ground out 4-3 (Groundball, 34, EV 103.1 MPH)
Batting: RHB Jerry Castro 0-0: Ball
1-0: Called Strike
1-1: Called Strike
1-2: Strikes out swinging
Batting: LHB Aaron Joyner 0-0: Ball
1-0: Called Strike
1-1: Fly out, F6 (Popup, 6, EV 71.2 MPH)
Bottom of the 8th over - 0 runs, 0 hits, 0 errors, 0 left on base; Charlotte 3 - Scranton WB 1
TOP OF THE 9TH
Charlotte Knights batting - Pitching for Scranton WB RailRiders : LHP Jay Turpin
Pitching: RHP Soh Kawashima
Batting: LHB Adam Tarbutton 0-0: Ball
1-0: Called Strike
1-1: Ball
2-1: Swinging Strike
2-2: Strikes out swinging
Batting: RHB Jon Solano 0-0: Ball
1-0: SINGLE (Groundball, 56D, EV 108.1 MPH)
Batting: SHB Ruben Velasco Jr. 0-0: Called Strike
0-1: Foul Ball, location: 2F
0-2: Ball
1-2: Foul Ball, location: 2F
1-2: Ball
2-2: Foul Ball, location: 2F
2-2: Fly out, F9 (Line Drive, 9, EV 93.1 MPH)
Batting: LHB Justin Stickney 0-0: Ball
1-0: Ball
2-0: Ball
Jon Solano steals 2nd base
3-0: Called Strike
3-1: Foul Ball, location: 2F
3-2: Foul Ball, location: 2F
3-2: Strikes out swinging
Top of the 9th over - 0 runs, 1 hit, 0 errors, 1 left on base; Charlotte 3 - Scranton WB 1
BOTTOM OF THE 9TH
Scranton WB RailRiders batting - Pitching for Charlotte Knights : LHP Joel Beery
Pitching: RHP Tommy Benedict
Now at 2B: Steve Waltenbery
Now at SS: John Iddings
Batting: SHB Victor Ruiz 0-0: Foul Ball, location: 2F
0-1: Foul Ball, location: 2F
0-2: Ball
1-2: Ground out 4-3 (Groundball, 4, EV 91.9 MPH)
Batting: RHB Devon Utley 0-0: Ball
1-0: Ball
2-0: Foul Ball, location: 2F
2-1: Ball
3-1: Base on Balls
Batting: RHB Mike Gifford 0-0: Grounds into double play, 4-6-3 (Groundball, 4, EV 90.0 MPH)
Bottom of the 9th over - 0 runs, 0 hits, 0 errors, 0 left on base; Charlotte 3 - Scranton WB 1
Sunday, July 16th , 2023 - OOTP Baseball 24.6 Build 69